Marlies vs Heat
(R1)
Created - January 19, 2023 at 19:13
Goals
|
| Marlies |
1 |
1 |
2 |
4 |
| Heat |
0 |
0 |
2 |
2 |
|
Shots
|
| Marlies |
9 |
12 |
10 |
31 |
| Heat |
16 |
2 |
8 |
26 |
|
1st period
1. Marlies , Valentin Zykov 14 (Colton Sissons 18) at 19:26
Penalties :
Colton Sissons (Tor) for Boarding (Minor) at 6:56, Otto Koivula (Tor) for Delaying the game (Minor) at 9:23, Ryan Spooner (Sto) for Hooking (Minor) at 12:54
2nd period
2. Marlies , Nicholas Baptiste 22 (Colton Sissons 19, Valentin Zykov 18) at 16:45
Penalties :
Matthew Nieto (Sto) for High sticking (Minor) at 1:23, Brett Pesce (Tor) for Hooking (Minor) at 8:32, Matthew Nieto (Sto) for Holding (Minor) at 17:07
3rd period
3. Heat , Ryan Spooner 5 (Trevor Carrick 3, Evgeny Svechnikov 19) at 6:14
4. Marlies , Nicholas Baptiste 23 (Colton Sissons 20) at 6:57
5. Marlies , Nicholas Baptiste 24 (Valentin Zykov 19, Pierre-Olivier Joseph 6) at 7:27 (PP)
6. Heat , Matthew Nieto 18 (Victor Rask 42) at 14:37 (PP)
Penalties :
Matthew Nieto (Sto) for Elbowing (Minor) at 0:40, Tyler Benson (Tor) for Boarding (Minor) at 3:12, Erik Brannstrom (Sto) for Hooking (Minor) at 7:19, Matthew Nieto (Sto) for High sticking (Double Minor) at 7:46, Alex Formenton (Tor) for Hooking (Minor) at 14:35, Pierre-Olivier Joseph (Tor) for Hooking (Minor) at 16:26
Goalie Stats
Charlie Lindgren (Tor), 24 saves from 26 shots - (0.923), W, 11-8-0, 60:00 minutes
Michael Hutchinson (Sto), 27 saves from 31 shots - (0.871), L, 15-10-2, 60:00 minutes
Players Stats for Marlies
Player Name G A P +/- PIM S H SB GA TA FO MP PP MP PK MP
------------------------------------------------------------------------------------
Aleksi Saarela 0 0 0 0 0 3 2 0 0 0 3/11 16:14 5:15 1:57
Alex Formenton 0 0 0 0 2 0 3 0 1 1 1/1 14:46 5:10 0:35
Brett Pesce 0 0 0 0 2 4 7 2 1 0 0/0 30:52 6:48 5:04
Colton Sissons 0 3 3 2 2 2 3 0 0 0 18/33 23:22 5:53 5:00
Dennis Gilbert 0 0 0 0 0 0 0 1 0 1 0/0 8:44 0:18 0:46
Jeff Corbett 0 0 0 1 0 1 0 2 0 0 0/0 18:29 0:18 5:50
Keaton Thompson 0 0 0 0 0 2 0 1 0 0 0/0 18:26 4:57 4:07
Logan Brown 0 0 0 0 0 3 5 0 0 0 4/11 13:08 0:48 3:14
Lucas Carlsson 0 0 0 2 0 1 1 1 0 0 0/0 20:23 4:57 4:07
Martin Necas 0 0 0 0 0 1 0 0 0 0 0/0 13:25 5:10 0:00
Mathieu Olivier 0 0 0 0 0 1 1 0 0 2 1/1 9:12 0:00 0:00
Matthew Highmore 0 0 0 0 0 2 1 0 1 0 1/3 8:22 0:27 0:20
Nicholas Baptiste 3 0 3 2 0 6 3 0 1 0 0/1 24:29 5:49 6:08
Otto Koivula 0 0 0 0 2 0 0 0 0 0 0/0 7:46 0:00 0:00
Pierre-Olivier Joseph 0 1 1 1 2 1 0 1 1 1 0/0 23:23 6:48 0:00
Tobias Lindberg 0 0 0 0 0 0 0 1 0 0 0/0 8:34 0:53 0:00
Tyler Benson 0 0 0 0 2 0 1 1 0 0 0/0 11:47 0:35 2:40
Valentin Zykov 1 2 3 2 0 4 2 0 1 1 0/0 18:35 6:09 0:00
Players Stats for Heat
Player Name G A P +/- PIM S H SB GA TA FO MP PP MP PK MP
------------------------------------------------------------------------------------
Barclay Goodrow 0 0 0 0 0 2 3 1 0 0 1/1 18:56 4:16 4:16
Brandon Hickey 0 0 0 -2 0 1 3 2 0 0 0/0 25:29 3:58 6:43
Chris Brown 0 0 0 -1 0 2 0 0 0 0 2/5 13:00 4:16 2:19
Dominik Masin 0 0 0 0 0 0 1 0 0 1 0/0 18:27 0:31 7:02
Eric Karlsson 0 0 0 0 0 2 2 0 0 0 0/0 15:11 4:16 2:17
Erik Brannstrom 0 0 0 -2 2 0 1 1 1 0 0/0 26:39 6:17 3:27
Evgeny Svechnikov 0 1 1 -1 0 2 3 1 0 0 2/3 20:34 5:41 0:35
Frank Corrado 0 0 0 -1 0 3 4 4 0 1 0/0 26:20 6:22 5:08
Mathieu Brodeur 0 0 0 0 0 2 1 1 0 2 0/0 14:25 2:26 0:08
Matthew Nieto 1 0 1 -1 10 4 3 1 0 0 0/0 20:23 5:41 0:00
Nico Sturm 0 0 0 0 0 0 1 0 1 0 8/14 14:34 0:00 6:06
Peter Cehlarik 0 0 0 -1 0 0 1 1 1 1 0/0 11:19 0:00 6:00
Rasmus Andersson 0 0 0 0 0 0 0 1 0 0 0/0 3:41 0:20 0:00
Ryan Donato 0 0 0 0 0 1 1 0 0 0 0/0 10:07 0:00 0:22
Ryan Spooner 1 0 1 0 2 5 1 1 2 0 3/7 13:05 0:00 2:56
Tage Thompson 0 0 0 -1 0 0 0 0 0 0 0/0 5:28 0:00 0:00
Trevor Carrick 0 1 1 1 0 1 1 0 0 0 1/1 10:31 0:00 0:53
Victor Rask 0 1 1 -1 0 1 4 1 1 1 16/30 19:42 5:41 0:00
3 Stars
1 - Nicholas Baptiste (Tor)
2 - Valentin Zykov (Tor)
3 - Colton Sissons (Tor)
Power Play
Marlies - 1 on 7 Attempt(s) - 14.29%
Heat - 1 on 6 Attempt(s) - 16.67%
Penalty Kill
Marlies - 5 on 6 Attempt(s) - 83.33%
- Score 0 goal in Penalty Kill
Heat - 6 on 7 Attempt(s) - 85.71%
- Score 0 goal in Penalty Kill
Team Stat
Marlies - Hits : 29 - Faceoff Wins : 28 - Blocked Shots : 10 - Penalty Minutes : 12
Heat - Hits : 30 - Faceoff Wins : 33 - Blocked Shots : 15 - Penalty Minutes : 14
Official
Referees : Furman South and Gord Dwyer
Linesman : Travis Gawryletz and Andrew Smith
Game Notes
Rasmus Andersson is injured at 8:22 of 1st period (Separated Left Shoulder)
Mathieu Brodeur is injured at 0:14 of 3rd period (Strained Right Knee)
Nicholas Baptiste has scored a Hat Trick!
Finance
Level 1 -- Attendance: 1816 (90.80%) -- Ticket Income $63,560
Level 2 -- Attendance: 893 (89.30%) -- Ticket Income $13,395
Total Attendance: 2709 (90.30%)
Total Ticket Income: $76,955
Other Income: $3,848
Total Income: $80,803
Marlies
5 vs 5 Forward
Center Left Wing Right Wing Time % Phy DF OF
1 Colton Sissons Valentin Zykov Nicholas Baptiste 40 0 2 3
2 Aleksi Saarela Tyler Benson Martin Necas 30 1 2 2
3 Logan Brown Alex Formenton Mathieu Olivier 20 1 2 2
4 Matthew Highmore Otto Koivula Tobias Lindberg 10 1 3 1
5 vs 5 Defense
Defense Defense Time % Phy DF OF
1 Brett Pesce Pierre-Olivier Joseph 40 1 2 2
2 Lucas Carlsson Jeff Corbett 30 1 2 2
3 Dennis Gilbert Keaton Thompson 20 1 2 2
4 Brett Pesce Jeff Corbett 10 1 2 2
PowerPlay Forward
Center Left Wing Right Wing Time % Phy DF OF
1 Colton Sissons Valentin Zykov Nicholas Baptiste 60 1 2 2
2 Aleksi Saarela Alex Formenton Martin Necas 40 1 2 2
PowerPlay Defense
Defense Defense Time % Phy DF OF
1 Brett Pesce Pierre-Olivier Joseph 60 1 2 2
2 Keaton Thompson Lucas Carlsson 40 1 2 2
Penalty Kill 4 Players Forward
Center Wing Time % Phy DF OF
1 Colton Sissons Nicholas Baptiste 60 1 2 2
2 Logan Brown Tyler Benson 40 1 2 2
Penalty Kill 4 Players Defense
Defense Defense Time % Phy DF OF
1 Brett Pesce Jeff Corbett 60 1 2 2
2 Keaton Thompson Lucas Carlsson 40 1 2 2
Penalty Kill - 3 Players Forward
Forward Time % Phy DF OF
1 Colton Sissons 60 1 2 2
2 Logan Brown 40 1 2 2
Penalty Kill - 3 Players Defense
Defense Defense Time % Phy DF OF
1 Brett Pesce Jeff Corbett 60 1 2 2
2 Keaton Thompson Lucas Carlsson 40 1 2 2
4 vs 4 Forward
Center Wing Time % Phy DF OF
1 Colton Sissons Nicholas Baptiste 60 1 2 2
2 Logan Brown Valentin Zykov 40 1 2 2
4 vs 4 Defense
Defense Defense Time % Phy DF OF
1 Brett Pesce Lucas Carlsson 60 1 2 2
2 Pierre-Olivier Joseph Jeff Corbett 40 1 2 2
Last Minutes Offensive
Center Left Wing Right Wing Defense Defense
Colton Sissons Valentin Zykov Nicholas Baptiste Brett Pesce Lucas Carlsson
Last Minutes Defensive
Center Left Wing Right Wing Defense Defense
Colton Sissons Valentin Zykov Nicholas Baptiste Brett Pesce Lucas Carlsson
Goaltenders
Starting : Charlie Lindgren
Backup : Logan Thompson
Extra Forwards
Normal : Aleksi Saarela, Logan Brown, Mathieu Olivier - PP : Aleksi Saarela, Logan Brown - PK : Aleksi Saarela
Extra Defensemen
Normal : Keaton Thompson, Dennis Gilbert, Jeff Corbett - PP : Lucas Carlsson - PK : Brett Pesce, Dennis Gilbert
Penalty Shots
Logan Brown, Martin Necas, Alex Formenton, Nicholas Baptiste, Aleksi Saarela
Scratches
Elias Pettersson (Back Injury), Brycen Martin (Healthy), Marc McLaughlin (Healthy), Henri Ikonen (Healthy), Jaden Lindo (Healthy)
Jakob Forsbacka-Karlsson (Healthy), Dmitri Samorukov (Healthy), Radovan Bondra (Healthy), Simon Bourque (Healthy), Mike Hardman (Healthy)
Jonathan Davidsson (Healthy)
Heat
5 vs 5 Forward
Center Left Wing Right Wing Time % Phy DF OF
1 Victor Rask Matthew Nieto Evgeny Svechnikov 40 1 2 2
2 Ryan Spooner Ryan Donato Barclay Goodrow 30 1 2 2
3 Nico Sturm Eric Karlsson Trevor Carrick 20 1 2 2
4 Chris Brown Peter Cehlarik Tage Thompson 10 1 2 2
5 vs 5 Defense
Defense Defense Time % Phy DF OF
1 Rasmus Andersson Frank Corrado 40 1 2 2
2 Erik Brannstrom Mathieu Brodeur 30 1 2 2
3 Brandon Hickey Dominik Masin 20 1 2 2
4 Brandon Hickey Mathieu Brodeur 10 1 2 2
PowerPlay Forward
Center Left Wing Right Wing Time % Phy DF OF
1 Victor Rask Matthew Nieto Evgeny Svechnikov 60 1 2 2
2 Chris Brown Eric Karlsson Barclay Goodrow 40 1 2 2
PowerPlay Defense
Defense Defense Time % Phy DF OF
1 Rasmus Andersson Frank Corrado 60 1 2 2
2 Erik Brannstrom Mathieu Brodeur 40 1 2 2
Penalty Kill 4 Players Forward
Center Wing Time % Phy DF OF
1 Nico Sturm Peter Cehlarik 60 1 2 2
2 Ryan Spooner Barclay Goodrow 40 1 2 2
Penalty Kill 4 Players Defense
Defense Defense Time % Phy DF OF
1 Rasmus Andersson Dominik Masin 60 1 2 2
2 Brandon Hickey Frank Corrado 40 1 2 2
Penalty Kill - 3 Players Forward
Forward Time % Phy DF OF
1 Matthew Nieto 60 1 2 2
2 Nico Sturm 40 1 2 2
Penalty Kill - 3 Players Defense
Defense Defense Time % Phy DF OF
1 Rasmus Andersson Frank Corrado 60 1 2 2
2 Brandon Hickey Mathieu Brodeur 40 1 2 2
4 vs 4 Forward
Center Wing Time % Phy DF OF
1 Victor Rask Matthew Nieto 60 1 2 2
2 Ryan Spooner Evgeny Svechnikov 40 1 2 2
4 vs 4 Defense
Defense Defense Time % Phy DF OF
1 Rasmus Andersson Frank Corrado 60 1 2 2
2 Erik Brannstrom Mathieu Brodeur 40 1 2 2
Last Minutes Offensive
Center Left Wing Right Wing Defense Defense
Victor Rask Matthew Nieto Evgeny Svechnikov Rasmus Andersson Frank Corrado
Last Minutes Defensive
Center Left Wing Right Wing Defense Defense
Victor Rask Matthew Nieto Evgeny Svechnikov Rasmus Andersson Frank Corrado
Goaltenders
Starting : Michael Hutchinson
Backup : Vitek Vanecek
Extra Forwards
Normal : Nico Sturm, Ryan Spooner, Evgeny Svechnikov - PP : Ryan Donato, Peter Cehlarik - PK : Barclay Goodrow
Extra Defensemen
Normal : Mathieu Brodeur, Erik Brannstrom, Brandon Hickey - PP : Erik Brannstrom - PK : Dominik Masin, Brandon Hickey
Penalty Shots
Evgeny Svechnikov, Matthew Nieto, Chris Brown, Victor Rask, Peter Cehlarik
Scratches
Christian Jaros (Healthy), Skyler Brind'Amour (Healthy), John Gilmour (Healthy), Darren Raddysh (Healthy), Petteri Lindbohm (Healthy)
Philip Varone (Torn Left ACL Injury), Ivan Chekhovich (Healthy), Vladislav Kamenev (Healthy), Taylor Raddysh (Healthy), Jesper Bratt (Back Injury)
Radim Zohorna (Healthy), Collin Delia (Healthy)
% Time on Ice - Marlies
Lines # - Real PCT - Wanted PCT - Time Play
Normal Forward
1 - 35% - 40% - 13:20
2 - 22% - 30% - 8:17
3 - 23% - 20% - 8:48
4 - 20% - 10% - 7:35
Normal Defense
1 - 45% - 40% - 17:06
2 - 31% - 30% - 11:45
3 - 15% - 20% - 5:36
4 - 9% - 10% - 3:33
PP Forward
1 - 54% - 60% - 6:28
2 - 46% - 40% - 5:35
PP Defense
1 - 59% - 60% - 7:06
2 - 41% - 40% - 4:57
PK Forward
1 - 68% - 60% - 6:43
2 - 32% - 40% - 3:14
PK Defense
1 - 59% - 60% - 5:50
2 - 41% - 40% - 4:07
PK3 Forward
1 - 0% - 60%
2 - 0% - 40%
PK3 Defense
1 - 0% - 60%
2 - 0% - 40%
44 Forward
1 - 0% - 60%
2 - 0% - 40%
44 Defense
1 - 0% - 60%
2 - 0% - 40%
Last Minute Offensive - 0:00
Last Minute Defensive - 0:00
Total
Forward - 60:00
Defense - 60:00
|
% Time on Ice - Heat
Lines # - Real PCT - Wanted PCT - Time Play
Normal Forward
1 - 37% - 40% - 14:14
2 - 29% - 30% - 11:05
3 - 20% - 20% - 7:29
4 - 14% - 10% - 5:12
Normal Defense
1 - 48% - 40% - 18:11
2 - 33% - 30% - 12:35
3 - 16% - 20% - 5:56
4 - 3% - 10% - 1:18
PP Forward
1 - 57% - 60% - 5:41
2 - 43% - 40% - 4:16
PP Defense
1 - 69% - 60% - 6:53
2 - 31% - 40% - 3:04
PK Forward
1 - 71% - 60% - 8:34
2 - 29% - 40% - 3:29
PK Defense
1 - 95% - 60% - 11:30
2 - 5% - 40% - 0:33
PK3 Forward
1 - 0% - 60%
2 - 0% - 40%
PK3 Defense
1 - 0% - 60%
2 - 0% - 40%
44 Forward
1 - 0% - 60%
2 - 0% - 40%
44 Defense
1 - 0% - 60%
2 - 0% - 40%
Last Minute Offensive - 0:00
Last Minute Defensive - 0:00
Total
Forward - 60:00
Defense - 60:00
|
Play-by-Play
1st period
0:01 of 1st period - Victor Rask wins face-off versus Colton Sissons in neutral zone.
0:16 of 1st period - Rasmus Andersson is hit by Brett Pesce and loses puck.
0:46 of 1st period - Icing by Frank Corrado.
0:47 of 1st period - Ryan Spooner wins face-off versus Logan Brown in Heat zone.
0:52 of 1st period - Dennis Gilbert is hit by Frank Corrado and loses puck.
1:01 of 1st period - Slapshot by Barclay Goodrow.
1:01 of 1st period - Stopped by Charlie Lindgren with a rebound.
1:03 of 1st period - Snap shot by Frank Corrado.
1:03 of 1st period - Stopped by Charlie Lindgren with a rebound.
1:05 of 1st period - Slapshot by Rasmus Andersson.
1:05 of 1st period - Shot Misses the Net.
1:07 of 1st period - Slapshot by Ryan Spooner.
1:07 of 1st period - Shot Misses the Net.
1:09 of 1st period - Slapshot by Frank Corrado.
1:09 of 1st period - Stopped by Charlie Lindgren without a rebound.
1:10 of 1st period - Trevor Carrick wins face-off versus Matthew Highmore in Marlies zone.
1:19 of 1st period - Slapshot by Trevor Carrick.
1:19 of 1st period - Shot Blocked by Jeff Corbett.
1:23 of 1st period - Snap shot by Eric Karlsson.
1:23 of 1st period - Shot Blocked by Tobias Lindberg.
1:25 of 1st period - Snap shot by Eric Karlsson.
1:25 of 1st period - Stopped by Charlie Lindgren with a rebound.
1:54 of 1st period - Slapshot by Jeff Corbett.
1:54 of 1st period - Shot Blocked by Matthew Nieto.
2:00 of 1st period - Tyler Benson is hit by Matthew Nieto and loses puck.
2:43 of 1st period - Wrist shot by Nicholas Baptiste.
2:43 of 1st period - Shot Misses the Net.
2:45 of 1st period - Snap shot by Colton Sissons.
2:45 of 1st period - Stopped by Michael Hutchinson with a rebound.
3:01 of 1st period - Snap shot by Chris Brown.
3:01 of 1st period - Stopped by Charlie Lindgren without a rebound.
3:02 of 1st period - Logan Brown wins face-off versus Chris Brown in Marlies zone.
3:05 of 1st period - Slapshot by Erik Brannstrom.
3:05 of 1st period - Shot Blocked by Dennis Gilbert.
3:27 of 1st period - Valentin Zykov is hit by Matthew Nieto and loses puck.
4:10 of 1st period - Slapshot by Ryan Spooner.
4:10 of 1st period - Shot Misses the Net.
4:12 of 1st period - Wrist shot by Ryan Spooner.
4:12 of 1st period - Stopped by Charlie Lindgren with a rebound.
5:57 of 1st period - Matthew Nieto is hit by Tyler Benson and loses puck.
6:20 of 1st period - Snap shot by Barclay Goodrow.
6:20 of 1st period - Shot Blocked by Lucas Carlsson.
6:56 of 1st period - Minor Penalty to Colton Sissons for Boarding.
6:57 of 1st period - Victor Rask wins face-off versus Aleksi Saarela in Marlies zone.
7:04 of 1st period - Mathieu Brodeur is hit by Nicholas Baptiste and loses puck.
7:17 of 1st period - Brett Pesce is hit by Victor Rask and loses puck.
7:50 of 1st period - Snap shot by Matthew Highmore.
7:50 of 1st period - Stopped by Michael Hutchinson with a rebound.
8:02 of 1st period - Wrist shot by Chris Brown.
8:02 of 1st period - Stopped by Charlie Lindgren without a rebound.
8:03 of 1st period - Victor Rask wins face-off versus Logan Brown in Marlies zone.
8:08 of 1st period - Snap shot by Victor Rask.
8:08 of 1st period - Shot Hit the Post.
8:16 of 1st period - Slapshot by Logan Brown.
8:16 of 1st period - Shot Blocked by Frank Corrado.
8:18 of 1st period - Snap shot by Tyler Benson.
8:18 of 1st period - Shot Blocked by Victor Rask.
8:20 of 1st period - Wrist shot by Tyler Benson.
8:20 of 1st period - Shot Misses the Net.
8:22 of 1st period - Wrist shot by Tyler Benson.
8:22 of 1st period - Shot Blocked by Rasmus Andersson.
8:22 of 1st period - Rasmus Andersson from Heat is injured at 8:22 of 1st period (Separated Left Shoulder).
8:23 of 1st period - Victor Rask wins face-off versus Aleksi Saarela in Heat zone.
8:23 of 1st period - Victor Rask is hit by Brett Pesce.
8:29 of 1st period - Slapshot by Matthew Nieto.
8:29 of 1st period - Stopped by Charlie Lindgren without a rebound.
8:30 of 1st period - Victor Rask wins face-off versus Aleksi Saarela in Marlies zone.
8:33 of 1st period - Snap shot by Evgeny Svechnikov.
8:33 of 1st period - Stopped by Charlie Lindgren without a rebound.
8:34 of 1st period - Victor Rask wins face-off versus Aleksi Saarela in Marlies zone.
8:56 of 1st period - Penalty to Colton Sissons is over, Colton Sissons is back on ice.
9:05 of 1st period - Erik Brannstrom is hit by Mathieu Olivier and loses puck.
9:23 of 1st period - Minor Penalty to Otto Koivula for Delaying the game.
9:24 of 1st period - Victor Rask wins face-off versus Colton Sissons in Marlies zone.
9:55 of 1st period - Lucas Carlsson is hit by Barclay Goodrow and loses puck.
11:23 of 1st period - Penalty to Otto Koivula is over, Otto Koivula is back on ice.
11:29 of 1st period - Aleksi Saarela is hit by Eric Karlsson and loses puck.
11:44 of 1st period - Snap shot by Keaton Thompson.
11:44 of 1st period - Stopped by Michael Hutchinson without a rebound.
11:45 of 1st period - Victor Rask wins face-off versus Matthew Highmore in Heat zone.
11:50 of 1st period - Erik Brannstrom is hit by Brett Pesce.
12:31 of 1st period - Icing by Jeff Corbett.
12:32 of 1st period - Ryan Spooner wins face-off versus Colton Sissons in Marlies zone.
12:54 of 1st period - Minor Penalty to Ryan Spooner for Hooking.
12:55 of 1st period - Colton Sissons wins face-off versus Nico Sturm in Heat zone.
13:02 of 1st period - Snap shot by Colton Sissons.
13:02 of 1st period - Shot Misses the Net.
13:22 of 1st period - Brandon Hickey is hit by Aleksi Saarela and loses puck.
14:54 of 1st period - Penalty to Ryan Spooner is over, Ryan Spooner is back on ice.
15:01 of 1st period - Keaton Thompson is hit by Evgeny Svechnikov and loses puck.
15:08 of 1st period - Slapshot by Victor Rask.
15:08 of 1st period - Shot Misses the Net.
15:10 of 1st period - Snap shot by Matthew Nieto.
15:10 of 1st period - Stopped by Charlie Lindgren with a rebound.
15:12 of 1st period - Snap shot by Matthew Nieto.
15:12 of 1st period - Shot Blocked by Keaton Thompson.
15:14 of 1st period - Snap shot by Evgeny Svechnikov.
15:14 of 1st period - Stopped by Charlie Lindgren without a rebound.
15:15 of 1st period - Mathieu Olivier wins face-off versus Victor Rask in Marlies zone.
15:15 of 1st period - Mathieu Olivier is hit by Evgeny Svechnikov.
15:29 of 1st period - Snap shot by Victor Rask.
15:29 of 1st period - Stopped by Charlie Lindgren without a rebound.
15:30 of 1st period - Aleksi Saarela wins face-off versus Nico Sturm in Marlies zone.
15:43 of 1st period - Slapshot by Nico Sturm.
15:43 of 1st period - Shot Misses the Net.
15:55 of 1st period - Evgeny Svechnikov is hit by Colton Sissons and loses puck.
16:06 of 1st period - Wrist shot by Nicholas Baptiste.
16:06 of 1st period - Shot Misses the Net.
16:20 of 1st period - Slapshot by Ryan Spooner.
16:20 of 1st period - Stopped by Charlie Lindgren with a rebound.
16:22 of 1st period - Wrist shot by Barclay Goodrow.
16:22 of 1st period - Shot Blocked by Brett Pesce.
16:24 of 1st period - Slapshot by Mathieu Brodeur.
16:24 of 1st period - Stopped by Charlie Lindgren with a rebound.
16:26 of 1st period - Snap shot by Ryan Donato.
16:26 of 1st period - Stopped by Charlie Lindgren without a rebound.
16:27 of 1st period - Colton Sissons wins face-off versus Victor Rask in Marlies zone.
16:42 of 1st period - Snap shot by Valentin Zykov.
16:42 of 1st period - Stopped by Michael Hutchinson without a rebound.
16:43 of 1st period - Nico Sturm wins face-off versus Aleksi Saarela in Heat zone.
16:52 of 1st period - Slapshot by Brett Pesce.
16:52 of 1st period - Deflect By Aleksi Saarela.
16:52 of 1st period - Stopped by Michael Hutchinson with a rebound.
16:56 of 1st period - Wrist shot by Martin Necas.
16:56 of 1st period - Stopped by Michael Hutchinson without a rebound.
16:57 of 1st period - Colton Sissons wins face-off versus Victor Rask in Heat zone.
16:58 of 1st period - Snap shot by Nicholas Baptiste.
16:58 of 1st period - Stopped by Michael Hutchinson with a rebound.
17:53 of 1st period - Slapshot by Logan Brown.
17:53 of 1st period - Shot Misses the Net.
18:24 of 1st period - Backhand shot by Brett Pesce.
18:24 of 1st period - Shot Blocked by Frank Corrado.
18:35 of 1st period - Jeff Corbett is hit by Peter Cehlarik and loses puck.
18:53 of 1st period - Wrist shot by Barclay Goodrow.
18:53 of 1st period - Stopped by Charlie Lindgren with a rebound.
19:07 of 1st period - Dominik Masin is hit by Logan Brown and loses puck.
19:12 of 1st period - Wrist shot by Mathieu Olivier.
19:12 of 1st period - Shot Blocked by Erik Brannstrom.
19:14 of 1st period - Slapshot by Keaton Thompson.
19:14 of 1st period - Stopped by Michael Hutchinson with a rebound.
19:26 of 1st period - Wrist shot by Valentin Zykov.
19:26 of 1st period - Goal by Valentin Zykov - Marlies : 1 - Heat : 0.
19:27 of 1st period - Colton Sissons wins face-off versus Victor Rask in neutral zone.
19:30 of 1st period - Dominik Masin is hit by Nicholas Baptiste and loses puck.
19:54 of 1st period - Off-side.
19:55 of 1st period - Barclay Goodrow wins face-off versus Aleksi Saarela in neutral zone.
Goals for this period are 1 for Marlies vs 0 for Heat.
Shots for this period are 9 for Marlies vs 16 for Heat.
2nd period
0:01 of 2nd period - Colton Sissons wins face-off versus Victor Rask in neutral zone.
0:56 of 2nd period - Mathieu Brodeur is hit by Logan Brown and loses puck.
1:01 of 2nd period - Snap shot by Brett Pesce.
1:01 of 2nd period - Stopped by Michael Hutchinson with a rebound.
1:03 of 2nd period - Backhand shot by Pierre-Olivier Joseph.
1:03 of 2nd period - Shot Blocked by Peter Cehlarik.
1:05 of 2nd period - Snap shot by Brett Pesce.
1:05 of 2nd period - Deflect By Peter Cehlarik.
1:05 of 2nd period - Stopped by Michael Hutchinson with a rebound.
1:07 of 2nd period - Snap shot by Logan Brown.
1:07 of 2nd period - Stopped by Michael Hutchinson without a rebound.
1:08 of 2nd period - Victor Rask wins face-off versus Colton Sissons in Heat zone.
1:19 of 2nd period - Snap shot by Valentin Zykov.
1:19 of 2nd period - Stopped by Michael Hutchinson without a rebound.
1:20 of 2nd period - Victor Rask wins face-off versus Colton Sissons in Heat zone.
1:20 of 2nd period - Victor Rask is hit by Colton Sissons.
1:23 of 2nd period - Minor Penalty to Matthew Nieto for High sticking.
1:24 of 2nd period - Nico Sturm wins face-off versus Nicholas Baptiste in Heat zone.
2:00 of 2nd period - Snap shot by Aleksi Saarela.
2:00 of 2nd period - Shot Misses the Net.
3:23 of 2nd period - Penalty to Matthew Nieto is over, Matthew Nieto is back on ice.
3:33 of 2nd period - Victor Rask is hit by Matthew Highmore and loses puck.
3:57 of 2nd period - Snap shot by Ryan Spooner.
3:57 of 2nd period - Stopped by Charlie Lindgren without a rebound.
3:58 of 2nd period - Ryan Spooner wins face-off versus Logan Brown in Marlies zone.
4:05 of 2nd period - Slapshot by Ryan Spooner.
4:05 of 2nd period - Shot Misses the Net.
4:07 of 2nd period - Slapshot by Barclay Goodrow.
4:07 of 2nd period - Shot Misses the Net.
4:09 of 2nd period - Slapshot by Mathieu Brodeur.
4:09 of 2nd period - Stopped by Charlie Lindgren without a rebound.
4:10 of 2nd period - Colton Sissons wins face-off versus Victor Rask in Marlies zone.
4:20 of 2nd period - Off-side.
4:21 of 2nd period - Victor Rask wins face-off versus Colton Sissons in neutral zone.
4:30 of 2nd period - Slapshot by Brett Pesce.
4:30 of 2nd period - Shot Misses the Net.
4:50 of 2nd period - Slapshot by Mathieu Olivier.
4:50 of 2nd period - Stopped by Michael Hutchinson without a rebound.
4:51 of 2nd period - Logan Brown wins face-off versus Ryan Spooner in Heat zone.
4:54 of 2nd period - Snap shot by Logan Brown.
4:54 of 2nd period - Shot Blocked by Barclay Goodrow.
6:03 of 2nd period - Snap shot by Evgeny Svechnikov.
6:03 of 2nd period - Shot Misses the Net.
6:05 of 2nd period - Wrist shot by Matthew Nieto.
6:05 of 2nd period - Shot Blocked by Pierre-Olivier Joseph.
6:10 of 2nd period - Off-side.
6:11 of 2nd period - Nico Sturm wins face-off versus Colton Sissons in neutral zone.
6:59 of 2nd period - Chris Brown is hit by Logan Brown and loses puck.
7:24 of 2nd period - Colton Sissons is hit by Nico Sturm and loses puck.
7:47 of 2nd period - Snap shot by Otto Koivula.
7:47 of 2nd period - Shot Misses the Net.
7:59 of 2nd period - Erik Brannstrom is hit by Brett Pesce and loses puck.
8:06 of 2nd period - Tyler Benson is hit by Mathieu Brodeur and loses puck.
8:32 of 2nd period - Minor Penalty to Brett Pesce for Hooking.
8:33 of 2nd period - Colton Sissons wins face-off versus Victor Rask in Marlies zone.
8:52 of 2nd period - Lucas Carlsson is hit by Erik Brannstrom and loses puck.
9:29 of 2nd period - Victor Rask is hit by Colton Sissons and loses puck.
9:49 of 2nd period - Icing by Eric Karlsson.
9:50 of 2nd period - Logan Brown wins face-off versus Chris Brown in Heat zone.
10:15 of 2nd period - Erik Brannstrom is hit by Lucas Carlsson.
10:25 of 2nd period - Colton Sissons is hit by Frank Corrado and loses puck.
10:32 of 2nd period - Penalty to Brett Pesce is over, Brett Pesce is back on ice.
11:09 of 2nd period - Keaton Thompson is hit by Victor Rask and loses puck.
11:34 of 2nd period - Dominik Masin is hit by Logan Brown and loses puck.
12:17 of 2nd period - Tyler Benson is hit by Victor Rask and loses puck.
12:32 of 2nd period - Erik Brannstrom is hit by Brett Pesce and loses puck.
12:54 of 2nd period - Dominik Masin is hit by Logan Brown and loses puck.
13:44 of 2nd period - Brandon Hickey is hit by Brett Pesce and loses puck.
13:49 of 2nd period - Snap shot by Pierre-Olivier Joseph.
13:49 of 2nd period - Stopped by Michael Hutchinson without a rebound.
13:50 of 2nd period - Matthew Highmore wins face-off versus Nico Sturm in Heat zone.
13:53 of 2nd period - Wrist shot by Tobias Lindberg.
13:53 of 2nd period - Shot Misses the Net.
13:59 of 2nd period - Lucas Carlsson is hit by Trevor Carrick.
14:24 of 2nd period - Snap shot by Matthew Highmore.
14:24 of 2nd period - Stopped by Michael Hutchinson without a rebound.
14:25 of 2nd period - Victor Rask wins face-off versus Colton Sissons in Heat zone.
15:04 of 2nd period - Aleksi Saarela is hit by Ryan Donato and loses puck.
15:49 of 2nd period - Lucas Carlsson is hit by Eric Karlsson and loses puck.
16:35 of 2nd period - Wrist shot by Nicholas Baptiste.
16:35 of 2nd period - Stopped by Michael Hutchinson with a rebound.
16:37 of 2nd period - Snap shot by Jeff Corbett.
16:37 of 2nd period - Deflect By Brandon Hickey.
16:37 of 2nd period - Stopped by Michael Hutchinson with a rebound.
16:39 of 2nd period - Snap shot by Valentin Zykov.
16:39 of 2nd period - Shot Misses the Net.
16:41 of 2nd period - Slapshot by Colton Sissons.
16:41 of 2nd period - Shot Blocked by Frank Corrado.
16:45 of 2nd period - Snap shot by Nicholas Baptiste.
16:45 of 2nd period - Goal by Nicholas Baptiste - Marlies : 2 - Heat : 0.
16:46 of 2nd period - Aleksi Saarela wins face-off versus Victor Rask in neutral zone.
16:49 of 2nd period - Wrist shot by Aleksi Saarela.
16:49 of 2nd period - Stopped by Michael Hutchinson with a rebound.
16:51 of 2nd period - Slapshot by Lucas Carlsson.
16:51 of 2nd period - Shot Blocked by Evgeny Svechnikov.
17:07 of 2nd period - Minor Penalty to Matthew Nieto for Holding.
17:08 of 2nd period - Nico Sturm wins face-off versus Aleksi Saarela in Heat zone.
17:33 of 2nd period - Brandon Hickey is hit by Nicholas Baptiste and loses puck.
17:48 of 2nd period - Valentin Zykov is hit by Dominik Masin and loses puck.
18:01 of 2nd period - Wrist shot by Aleksi Saarela.
18:01 of 2nd period - Shot Misses the Net.
18:03 of 2nd period - Snap shot by Aleksi Saarela.
18:03 of 2nd period - Stopped by Michael Hutchinson without a rebound.
18:04 of 2nd period - Nico Sturm wins face-off versus Aleksi Saarela in Heat zone.
18:04 of 2nd period - Nico Sturm is hit by Alex Formenton.
19:07 of 2nd period - Penalty to Matthew Nieto is over, Matthew Nieto is back on ice.
Goals for this period are 1 for Marlies vs 0 for Heat.
Shots for this period are 12 for Marlies vs 2 for Heat.
3rd period
0:01 of 3rd period - Colton Sissons wins face-off versus Victor Rask in neutral zone.
0:12 of 3rd period - Slapshot by Nicholas Baptiste.
0:12 of 3rd period - Shot Misses the Net.
0:14 of 3rd period - Snap shot by Valentin Zykov.
0:14 of 3rd period - Shot Blocked by Mathieu Brodeur.
0:14 of 3rd period - Mathieu Brodeur from Heat is injured at 0:14 of 3rd period (Strained Right Knee).
0:15 of 3rd period - Evgeny Svechnikov wins face-off versus Colton Sissons in Heat zone.
0:40 of 3rd period - Minor Penalty to Matthew Nieto for Elbowing.
0:41 of 3rd period - Nico Sturm wins face-off versus Colton Sissons in Heat zone.
0:54 of 3rd period - Slapshot by Brett Pesce.
0:54 of 3rd period - Stopped by Michael Hutchinson without a rebound.
0:55 of 3rd period - Colton Sissons wins face-off versus Nico Sturm in Heat zone.
1:44 of 3rd period - Dominik Masin is hit by Valentin Zykov and loses puck.
2:15 of 3rd period - Snap shot by Ryan Spooner.
2:15 of 3rd period - Stopped by Charlie Lindgren without a rebound.
2:16 of 3rd period - Alex Formenton wins face-off versus Ryan Spooner in Marlies zone.
2:16 of 3rd period - Alex Formenton is hit by Frank Corrado.
2:40 of 3rd period - Penalty to Matthew Nieto is over, Matthew Nieto is back on ice.
2:50 of 3rd period - Otto Koivula is hit by Evgeny Svechnikov and loses puck.
2:57 of 3rd period - Snap shot by Lucas Carlsson.
2:57 of 3rd period - Stopped by Michael Hutchinson without a rebound.
2:58 of 3rd period - Aleksi Saarela wins face-off versus Ryan Spooner in Heat zone.
3:12 of 3rd period - Minor Penalty to Tyler Benson for Boarding.
3:13 of 3rd period - Colton Sissons wins face-off versus Victor Rask in Marlies zone.
3:21 of 3rd period - Slapshot by Erik Brannstrom.
3:21 of 3rd period - Shot Misses the Net.
3:48 of 3rd period - Icing by Chris Brown.
3:49 of 3rd period - Chris Brown wins face-off versus Logan Brown in Heat zone.
3:58 of 3rd period - Wrist shot by Logan Brown.
3:58 of 3rd period - Deflect By Aleksi Saarela.
3:58 of 3rd period - Shot Misses the Net.
3:58 of 3rd period - Puck is out of play.
3:59 of 3rd period - Victor Rask wins face-off versus Colton Sissons in Heat zone.
3:59 of 3rd period - Victor Rask is hit by Brett Pesce.
4:07 of 3rd period - Snap shot by Erik Brannstrom.
4:07 of 3rd period - Deflect By Evgeny Svechnikov.
4:07 of 3rd period - Shot Blocked by Jeff Corbett.
4:07 of 3rd period - Puck is out of play.
4:08 of 3rd period - Victor Rask wins face-off versus Colton Sissons in Marlies zone.
5:04 of 3rd period - Barclay Goodrow is hit by Aleksi Saarela and loses puck.
5:12 of 3rd period - Penalty to Tyler Benson is over, Tyler Benson is back on ice.
5:40 of 3rd period - Martin Necas is hit by Brandon Hickey and loses puck.
5:57 of 3rd period - Evgeny Svechnikov is hit by Alex Formenton and loses puck.
6:14 of 3rd period - Wrist shot by Ryan Spooner.
6:14 of 3rd period - Goal by Ryan Spooner - Marlies : 2 - Heat : 1.
6:15 of 3rd period - Colton Sissons wins face-off versus Victor Rask in neutral zone.
6:28 of 3rd period - Snap shot by Nicholas Baptiste.
6:28 of 3rd period - Stopped by Michael Hutchinson with a rebound.
6:30 of 3rd period - Wrist shot by Nicholas Baptiste.
6:30 of 3rd period - Shot Misses the Net.
6:40 of 3rd period - Martin Necas is hit by Barclay Goodrow and loses puck.
6:53 of 3rd period - Icing by Barclay Goodrow.
6:54 of 3rd period - Colton Sissons wins face-off versus Ryan Spooner in Heat zone.
6:57 of 3rd period - Wrist shot by Nicholas Baptiste.
6:57 of 3rd period - Goal by Nicholas Baptiste - Marlies : 3 - Heat : 1.
6:58 of 3rd period - Colton Sissons wins face-off versus Victor Rask in neutral zone.
7:19 of 3rd period - Minor Penalty to Erik Brannstrom for Hooking.
7:20 of 3rd period - Colton Sissons wins face-off versus Nico Sturm in Heat zone.
7:25 of 3rd period - Slapshot by Valentin Zykov.
7:25 of 3rd period - Stopped by Michael Hutchinson with a rebound.
7:27 of 3rd period - Snap shot by Nicholas Baptiste.
7:27 of 3rd period - Deflect By Peter Cehlarik.
7:27 of 3rd period - Goal by Nicholas Baptiste - Marlies : 4 - Heat : 1.
7:28 of 3rd period - Colton Sissons wins face-off versus Victor Rask in neutral zone.
7:31 of 3rd period - Slapshot by Pierre-Olivier Joseph.
7:31 of 3rd period - Shot Blocked by Frank Corrado.
7:33 of 3rd period - Slapshot by Brett Pesce.
7:33 of 3rd period - Stopped by Michael Hutchinson with a rebound.
7:35 of 3rd period - Wrist shot by Pierre-Olivier Joseph.
7:35 of 3rd period - Shot Misses the Net.
7:37 of 3rd period - Snap shot by Colton Sissons.
7:37 of 3rd period - Shot Misses the Net.
7:46 of 3rd period - Double Minor Penalty to Matthew Nieto for High sticking.
7:47 of 3rd period - Nico Sturm wins face-off versus Colton Sissons in Heat zone.
9:49 of 3rd period - Nicholas Baptiste is hit by Barclay Goodrow.
9:59 of 3rd period - Keaton Thompson is hit by Brandon Hickey and loses puck.
10:06 of 3rd period - Chris Brown is hit by Alex Formenton and loses puck.
10:17 of 3rd period - Brett Pesce is hit by Ryan Spooner and loses puck.
11:46 of 3rd period - Penalty to Matthew Nieto is over, Matthew Nieto is back on ice.
11:46 of 3rd period - Lucas Carlsson is hit by Matthew Nieto and loses puck.
13:53 of 3rd period - Matthew Highmore is hit by Victor Rask and loses puck.
14:35 of 3rd period - Minor Penalty to Alex Formenton for Hooking.
14:36 of 3rd period - Victor Rask wins face-off versus Colton Sissons in Marlies zone.
14:37 of 3rd period - Snap shot by Matthew Nieto.
14:37 of 3rd period - Goal by Matthew Nieto - Marlies : 4 - Heat : 2.
14:38 of 3rd period - Colton Sissons wins face-off versus Victor Rask in neutral zone.
15:10 of 3rd period - Mathieu Olivier is hit by Brandon Hickey and loses puck.
15:37 of 3rd period - Snap shot by Aleksi Saarela.
15:37 of 3rd period - Deflect By Tyler Benson.
15:37 of 3rd period - Shot Blocked by Ryan Spooner.
15:37 of 3rd period - Puck is out of play.
15:38 of 3rd period - Logan Brown wins face-off versus Nico Sturm in Heat zone.
15:50 of 3rd period - Off-side.
15:51 of 3rd period - Nico Sturm wins face-off versus Logan Brown in neutral zone.
16:06 of 3rd period - Slapshot by Trevor Carrick.
16:06 of 3rd period - Stopped by Charlie Lindgren with a rebound.
16:22 of 3rd period - Snap shot by Matthew Nieto.
16:22 of 3rd period - Stopped by Charlie Lindgren with a rebound.
16:24 of 3rd period - Snap shot by Brandon Hickey.
16:24 of 3rd period - Stopped by Charlie Lindgren with a rebound.
16:26 of 3rd period - Minor Penalty to Pierre-Olivier Joseph for Hooking.
16:27 of 3rd period - Victor Rask wins face-off versus Colton Sissons in Marlies zone.
16:42 of 3rd period - Wrist shot by Evgeny Svechnikov.
16:42 of 3rd period - Shot Blocked by Brett Pesce.
16:44 of 3rd period - Slapshot by Frank Corrado.
16:44 of 3rd period - Stopped by Charlie Lindgren without a rebound.
16:45 of 3rd period - Colton Sissons wins face-off versus Chris Brown in Marlies zone.
16:56 of 3rd period - Snap shot by Barclay Goodrow.
16:56 of 3rd period - Shot Misses the Net.
16:58 of 3rd period - Wrist shot by Eric Karlsson.
16:58 of 3rd period - Stopped by Charlie Lindgren with a rebound.
17:31 of 3rd period - Wrist shot by Nicholas Baptiste.
17:31 of 3rd period - Shot Blocked by Brandon Hickey.
17:37 of 3rd period - Wrist shot by Logan Brown.
17:37 of 3rd period - Stopped by Michael Hutchinson with a rebound.
17:39 of 3rd period - Snap shot by Logan Brown.
17:39 of 3rd period - Stopped by Michael Hutchinson without a rebound.
17:40 of 3rd period - Colton Sissons wins face-off versus Evgeny Svechnikov in Heat zone.
17:49 of 3rd period - Slapshot by Erik Brannstrom.
17:49 of 3rd period - Shot Blocked by Tyler Benson.
18:17 of 3rd period - Snap shot by Colton Sissons.
18:17 of 3rd period - Stopped by Michael Hutchinson without a rebound.
18:18 of 3rd period - Chris Brown wins face-off versus Logan Brown in Heat zone.
18:26 of 3rd period - Penalty to Pierre-Olivier Joseph is over, Pierre-Olivier Joseph is back on ice.
18:31 of 3rd period - Colton Sissons is hit by Frank Corrado and loses puck.
18:44 of 3rd period - Snap shot by Pierre-Olivier Joseph.
18:44 of 3rd period - Deflect By Barclay Goodrow.
18:44 of 3rd period - Shot Blocked by Brandon Hickey.
18:44 of 3rd period - Puck is out of play.
18:45 of 3rd period - Evgeny Svechnikov wins face-off versus Logan Brown in Heat zone.
19:12 of 3rd period - Matthew Nieto is hit by Valentin Zykov and loses puck.
Goals for this period are 2 for Marlies vs 2 for Heat.
Shots for this period are 10 for Marlies vs 8 for Heat.